 Dungeon Crawl Stone Soup version 0.28-a0-1629-gf728b707aa (webtiles) character file.

Game seed: 11729101632596486018

214306 Hasart the Fencer (level 18, -2/140 HPs)
             Began as a Demigod Fighter on Jan 24, 2022.
             Killed from afar by a deep elf sorcerer (53 damage)
             ... with a bolt of acid
             ... on level 3 of the Elven Halls.
             The game lasted 01:35:04 (45151 turns).

Hasart the Fencer (Demigod Fighter)                Turns: 45151, Time: 01:35:05

Health: -2/140     AC: 29    Str: 33    XL:     18   Next: 3%
Magic:  27/34      EV: 16    Int: 18    God:
Gold:   2112       SH: 16    Dex: 23    Spells: 32/32 levels left

rFire   + . .      SeeInvis +   j - +4 demon blade (elec)
rCold   + . .      Faith    .   l - +2 kite shield {reflect}
rNeg    . . .      Spirit   .   p - +3 plate armour {Will+}
rPois   .          Reflect  +   P - +2 helmet {SInv}
rElec   .          Harm     .   y - +1 cloak
rCorr   .          Rampage  .   Q - +0 pair of gloves {infuse}
Will    ++...                   e - +2 pair of boots {Stlth+}
Stlth   ..........              J - amulet of regeneration
HPRegen 1.13/turn               Y - ring "Begg" {*Slow Fly rF+ Str+8}
MPRegen 0.24/turn               R - ring of protection from cold

@: flying
A: high mp 1, forlorn, divine attributes, thin skeletal structure 1, frail 1
a: no special abilities


You were on level 3 of the Elven Halls.
You visited 5 branches of the dungeon, and saw 28 of its levels.
You also visited: Bailey.

You collected 3755 gold pieces.
You spent 1643 gold pieces at shops.

Inventory:

Hand Weapons
 j - a +4 demon blade of electrocution (weapon)
 n - the +12 dagger "Biclopt" {venom, rPois rC- Str+6 Dex+3}
   (You found it on level 3 of the Dungeon)

   It poisons the flesh of those it strikes.
   Str:       It affects your strength (+6).
   Dex:       It affects your dexterity (+3).
   rC:        It makes you vulnerable to cold.
   rPois:     It protects you from poison.
Missiles
 q - 4 boomerangs (quivered)
 u - 7 javelins
 I - 11 throwing nets
Armour
 e - a +2 pair of boots of stealth (worn)
 l - a +2 kite shield of reflection (worn)
 p - a +3 plate armour of willpower (worn)
 y - a +1 cloak (worn)
 D - the +1 leather armour "Wumaug" {rC+ Str+4 Slay+3}
   (You found it on level 6 of the Dungeon)

   Str:       It affects your strength (+4).
   Slay:      It affects your accuracy & damage with ranged weapons and melee
   (+3).
   rC:        It protects you from cold.
 E - a scarf of shadows
 P - a +2 helmet of see invisible (worn)
 Q - a +0 pair of gloves of infusion (worn)
Jewellery
 c - an amulet of reflection
 f - an amulet of guardian spirit
 v - a ring of see invisible
 J - an amulet of regeneration (around neck)
 M - a ring of resist corrosion
 R - a ring of protection from cold (right hand)
 S - a ring of protection from fire
 U - the amulet "Hosav" {Faith Str+8 Dex-3 SInv}
   (You took it off a deep elf sorcerer on level 3 of the Elven Halls)

   [amulet of faith]

   It allows you to gain divine favour quickly.
   Str:       It affects your strength (+8).
   Dex:       It affects your dexterity (-3).
   SInv:      It lets you see invisible.
 Y - the ring "Begg" (left hand) {*Slow Fly rF+ Str+8}
   (You found it on level 6 of the Lair of Beasts)

   [ring of protection from fire]

   Str:       It affects your strength (+8).
   rF:        It protects you from fire.
   Fly:       It grants you flight.
   *Slow:     It may slow you when you take damage.
Wands
 k - a wand of acid (17)
 G - a wand of iceblast (17)
 K - a wand of digging (9)
Scrolls
 a - 2 scrolls of fog
 b - 2 scrolls of brand weapon
 h - 7 scrolls of magic mapping
 t - 6 scrolls of amnesia
 A - 4 scrolls of teleportation
 C - 2 scrolls of holy word
 O - 4 scrolls of fear
 T - 3 scrolls of blinking
 V - 3 scrolls of enchant armour
 W - a scroll of silence
 Z - a scroll of summoning
Potions
 d - 4 potions of might
 g - 5 potions of mutation
 m - 5 potions of curing
 r - 3 potions of cancellation
 s - 2 potions of resistance
 z - 3 potions of invisibility
 B - 5 potions of ambrosia
 F - 4 potions of magic
 H - 2 potions of heal wounds
 L - 4 potions of haste
 N - 2 potions of berserk rage
 X - a potion of lignification
Miscellaneous
 w - a condenser vane
 x - a lightning rod (4/4)


   Skills:
 + Level 12.6 Fighting
 + Level 16.0 Long Blades
 + Level 10.6 Throwing
 + Level 12.5 Armour
 + Level 12.2 Dodging
 + Level 12.6 Shields
 * Level 7.9 Spellcasting
 - Level 10.0 Evocations


You had 32 spell levels left.
You didn't know any spells.
Your spell library contained the following spells:

 Spells                   Type           Power      Damage    Failure   Level
 Animate Skeleton         Necr           14%        N/A       71%         1
 Foxfire                  Conj/Fire      28%        2x1d5     71%         1
 Pain                     Necr           28%        1d5       71%         1
 Corpse Rot               Necr/Air       14%        N/A       85%         2
 Ensorcelled Hibernation  Hex/Ice        14%        N/A       85%         2
 Poisonous Vapours        Pois/Air       14%        N/A       85%         2
 Conjure Flame            Conj/Fire      7%         6-21      97%         3
 Dazzling Flash           Conj/Hex       14%        N/A       97%         3
 Gell's Gravitas          Tloc           7%         N/A       97%         3
 Ignite Poison            Fire/Tmut/Pois 7%         N/A       97%         3
 Inner Flame              Hex/Fire       7%         N/A       97%         3
 Lesser Beckoning         Tloc           7%         N/A       97%         3
 Ozocubu's Armour         Ice            7%         N/A       97%         3
 Spider Form              Tmut/Pois      7%         N/A       97%         3
 Stone Arrow              Conj/Erth      14%        3d7       97%         3
 Summon Guardian Golem    Hex/Summ       7%         N/A       97%         3
 Teleport Other           Tloc           7%         N/A       97%         3
 Vampiric Draining        Necr           7%         2d6       97%         3
 Anguish                  Hex/Necr       3%         N/A       100%        4
 Animate Armour           Summ/Erth      14%        N/A       100%        4
 Animate Dead             Necr           3%         N/A       100%        4
 Cause Fear               Hex            3%         N/A       100%        4
 Flame Wave               Conj/Fire      7%         2d5       100%        4
 Fulminant Prism          Conj/Hex       3%         3d6       100%        4
 Hailstorm                Conj/Ice       7%         3d4       100%        4
 Ice Form                 Ice/Tmut       7%         N/A       100%        4
 Iskenderun's Mystic Bla  Conj/Tloc      7%         2d4       100%        4
 Passage of Golubria      Tloc           7%         N/A       100%        4
 Blade Hands              Tmut           3%         N/A       100%        5
 Lee's Rapid Deconstruct  Erth           3%         3d6*      100%        5
 Metabolic Englaciation   Hex/Ice        3%         N/A       100%        5
 Dispersal                Tloc           3%         N/A       100%        6
 Iron Shot                Conj/Erth      3%         9d2       100%        6
 Simulacrum               Ice/Necr       3%         N/A       100%        6
 Starburst                Conj/Fire      3%         6d3       100%        6
 Dragon Form              Tmut           3%         N/A       100%        7
 Haunt                    Necr/Summ      3%         N/A       100%        7
 Orb of Destruction       Conj           3%         9d5       100%        7
 Ozocubu's Refrigeration  Ice            3%         4d5       100%        7
 Spellforged Servitor     Conj/Summ      3%         N/A       100%        7
 Disjunction              Tloc           3%         N/A       100%        8
 Infestation              Necr           3%         N/A       100%        8
 Lehudib's Crystal Spear  Conj/Erth      3%         10d3      100%        8
 Dragon's Call            Summ           3%         N/A       100%        9


Dungeon Overview and Level Annotations

Branches:
Dungeon (15/15)            Temple (0/1) D:6            Lair (6/6) D:10
 Shoals (2/4) Lair:4       Spider (0/4) Lair:3        Slime (0/5) Lair:6
    Orc (2/2) D:9             Elf (3/3) Orc:2        Vaults (0/5) D:13
 Depths (0/4) D:15         Bailey (visited)

Shops:
D:8 =[   Orc:1 (   Orc:2 [!=!(   Elf:1 (   Elf:2 !:*   Elf:3 (   Shoals:1 *
Shoals:2 =

Portals:
Abyss: Lair:6

Annotations:
D:3 3 runed translucent doors, dragonscale333's ghost, amateur HOFi
D:8 2 transporters, sanka's ghost, novice GnCj
Lair:2 1 runed translucent door, Xaifossi's ghost, journeyman GrEE
Elf:1 6 runed translucent doors


Innate Abilities, Weirdness & Mutations

You have an increased reservoir of magic. (+10% MP)
You shall have no god before yourself.
Your divine heritage dramatically boosts your attributes as you level up.
You have a somewhat thin skeletal structure. (Dex +2, Stealth+)
You are frail. (-10% HP)


Message History

You feel much better.
The deep elf demonologist casts a spell.
The deep elf sorcerer says, "Argatax netranoch dertex."
The deep elf annihilator hits you but does no damage.
Unknown command.
You slice the deep elf annihilator!!
The deep elf annihilator is almost dead.
The deep elf annihilator barely misses you.
Unknown command.
You hit the deep elf annihilator.
The deep elf annihilator is almost dead.
Unknown command.
You closely miss the deep elf annihilator.
The deep elf annihilator is almost dead.
You block the deep elf annihilator's attack.
Unknown command.
You closely miss the deep elf annihilator.
The deep elf annihilator is almost dead.
The deep elf sorcerer mumbles some strange words.
The deep elf sorcerer shimmers violently.
You block the deep elf annihilator's attack.
The soul eater draws from the surrounding life force!
Unknown command.
You hit the deep elf annihilator.
You kill the deep elf annihilator!
Unknown command.
You slash the deep elf sorcerer!
Lightning courses through the deep elf sorcerer!
The deep elf sorcerer is moderately wounded.
Unknown command.
You hit the deep elf sorcerer but do no damage.
Lightning courses through the deep elf sorcerer!
The deep elf sorcerer is heavily wounded.
The deep elf sorcerer barely misses you.
Unknown command.
You miss the deep elf sorcerer.
The deep elf sorcerer is heavily wounded.
The deep elf sorcerer points at you and mumbles some strange words.
The bolt of acid hits you!!!
You die...

..........## #.##
##...## ........###
## #.# #.....#
##.....##. |#
###'#####......
)##..###|
|####.......#...)..
..####.)
[$##..............
.....#}#
#(##...(..........
.....#(##
##.###......#.....#
.....'..# #[|#
##....###...##
.....#.## ##@#
###### #####
....^#.### ###e#
.....#...## ##)33#
..######:.###=e###
.# ##)|e.)## #
###.### ###


You could see a deep elf sorcerer (fast), a soul eater (summoned), a sun demon
(summoned) and a deep elf demonologist.

Vanquished Creatures
  3 deep elf master archers (Elf:3)
  A kraken (Shoals:2)
  Gastronok (Orc:1)
  Donald (Elf:1)
  An orc warlord (Elf:1)
  An emperor scorpion (shapeshifter) (Elf:1)
  9 deep elf sorcerers
  5 deep elf elementalists (Elf:3)
  10 deep elf annihilators (Elf:3)
  6 deep elf demonologists
  Azrael (Orc:1)
  6 deep elf death magi
  A merfolk javelineer (Shoals:2)
  2 merfolk impalers (Shoals:2)
  10 deep elf high priests (Elf:3)
  2 fire dragons (D:15)
  3 vault guards (D:13)
  2 ogre magi (Orc:2)
  Harold (D:7)
  2 catoblepae
  8 hydras
  4 boulder beetles
  An alligator snapping turtle (Shoals:2)
  2 death knights (D:15)
  2 merfolk avatars (Shoals:1)
  4 centaur warriors
  26 dancing weapons
  6 two-headed ogres
  A death yak (Lair:4)
  4 orc high priests
  4 thrashing horrors (Lair:6)
  Nergalle (Orc:2)
  7 slime creatures (D:14)
  28 deep elf knights
  A fire crab (shapeshifter) (Lair:6)
  5 sea snakes
  A phantasmal warrior (D:15)
  15 deep elf archers
  10 orc knights
  A wizard (Elf:1)
  3 harpies (Shoals:1)
  21 deep elf pyromancers
  30 deep elf zephyrmancers
  A mana viper (shapeshifter) (Lair:6)
  7 orc sorcerers (Orc:2)
  8 cyclopes
  4 fauns (Shoals:1)
  21 ugly things
  7 manticores
  A guardian serpent (shapeshifter) (Lair:6)
  5 elephants (Lair:6)
  4 black mambas
  5 merfolk sirens
  15 cane toads
  3 centaur zombies
  2 gargoyles
  A cane toad (shapeshifter) (D:13)
  2 rime drakes
  3 centaur skeletons (D:7)
  Psyche (D:9)
  3 freezing wraiths (D:15)
  A yaktaur (D:11)
  2 unseen horrors
  3 kobold demonologists
  An efreet (D:15)
  9 komodo dragons
  A harpy zombie (D:7)
  2 hellwings
  9 merfolk
  5 polar bears
  A meliai (Lair:3)
  An ancient zyme (Lair:6)
  6 trolls
  2 wind drakes
  14 dream sheep
  23 blink frogs
  A meliai zombie (D:10)
  A snapping turtle (Shoals:2)
  A raiju (shapeshifter) (Lair:6)
  5 air elementals
  A shadow (D:13)
  8 large abominations
  3 wyverns
  A spriggan (Lair:6)
  A vampire (D:11)
  8 humans (D:13)
  10 water elementals
  5 wraiths
  6 fire elementals
  7 basilisks
  43 yaks
  3 steam dragons
  A redback simulacrum (D:14)
  Menkaure (D:4)
  Grum (Lair:1)
  2 chaos spawn (Lair:6)
  4 vampire mosquitoes
  4 wargs
  2 acid dragons
  24 water moccasins
  5 hell hounds
  A hornet zombie (D:6)
  2 sky beasts
  5 black bears
  32 orc warriors
  5 boggarts (D:14)
  A centaur (shapeshifter) (D:14)
  7 ogres
  9 centaurs
  37 wolves
  A phantom (D:6)
  3 kobold brigands
  A gnoll sergeant (D:8)
  A wyvern zombie (D:7)
  10 bullfrogs
  4 scorpions
  4 earth elementals
  15 small abominations
  3 water moccasin skeletons
  5 killer bees (Lair:3)
  3 electric eels
  2 howler monkeys
  15 orc priests
  A bullfrog zombie (D:6)
  3 jellies
  A gnoll shaman (D:6)
  3 hounds
  3 iguanas
  2 bullfrog skeletons (D:6)
  36 orc wizards
  Natasha (thrice) (D:3)
  A hound skeleton (D:4)
  15 gnolls
  A howler monkey skeleton (D:4)
  13 adders
  5 shadow imps
  2 white imps
  3 worms
  A dart slug (D:3)
  106 orcs
  7 endoplasms
  2 giant cockroaches
  8 goblins
  7 hobgoblins
  4 jackals (D:1)
  18 kobolds
  6 quokkas
  6 ball pythons
  7 bats
  A frilled lizard (D:1)
  5 rats
  4 tentacles (Shoals:2)
1014 creatures vanquished.

Vanquished Creatures (others)
  3 deep elf knights
  2 air elementals (Elf:2)
  A water elemental (Elf:2)
  A human (D:13)
  A small abomination (Elf:1)
  An orc (Orc:2)
  A bush (Lair:3)
  63 fungi
  68 plants
  6 tentacles (Shoals:2)
  7 withered plants (D:7)
154 creatures vanquished.

Grand Total: 1168 creatures vanquished

Notes
Turn   | Place    | Note
-------+----------+-------------------------------------------
     0 | D:1      | Hasart the Demigod Fighter began the quest for the Orb.
     0 | D:1      | Reached XP level 1. HP: 18/18 MP: 3/3
   267 | D:1      | Reached skill level 2 in Long Blades
   324 | D:1      | Reached XP level 2. HP: 25/25 MP: 4/4
  1170 | D:2      | Reached XP level 3. HP: 30/30 MP: 5/5
  1693 | D:2      | Reached skill level 1 in Dodging
  1797 | D:3      | Noticed Natasha
  1805 | D:3      | Killed Natasha
  1806 | D:3      | Reached XP level 4. HP: 37/38 MP: 6/6
  2080 | D:3      | Reached skill level 3 in Long Blades
  2322 | D:3      | Identified the +12 dagger "Biclopt" {venom, rPois rC- Str+6
                  | Dex+3}
  2336 | D:3      | Noticed Natasha
  2340 | D:3      | Killed Natasha
  2348 | D:3      | Found a runed translucent gate.
  2348 | D:3      | Found a runed translucent gate.
  2348 | D:3      | Found a runed translucent gate.
  2384 | D:3      | Reached XP level 5. HP: 45/45 MP: 7/7
  2595 | D:3      | Noticed dragonscale333's ghost (amateur HOFi)
  2739 | D:3      | Noticed Natasha
  2746 | D:3      | Killed Natasha
  3037 | D:4      | Noticed Menkaure
  3047 | D:4      | Killed Menkaure
  3048 | D:4      | Reached XP level 6. HP: 52/52 MP: 8/8
  3106 | D:4      | Reached skill level 4 in Long Blades
  3141 | D:4      | Reached skill level 1 in Throwing
  3883 | D:5      | Entered Level 5 of the Dungeon
  3944 | D:5      | Reached XP level 7. HP: 54/59 MP: 9/9
  4510 | D:5      | Reached skill level 5 in Long Blades
  4763 | D:6      | Reached XP level 8. HP: 67/67 MP: 10/10
  4806 | D:6      | Noticed an unseen horror
  4818 | D:6      | Killed an unseen horror
  5289 | D:6      | Found a staircase to the Ecumenical Temple.
  5289 | D:6      | Identified the +1 leather armour "Wumaug" {rC+ Str+4
                  | Slay+3}
  5572 | D:6      | Noticed a boulder beetle
  5587 | D:6      | HP: 1/67 [boulder beetle (20)]
  5590 | D:6      | Killed a boulder beetle
  5591 | D:6      | Reached skill level 5 in Fighting
  5591 | D:6      | Reached skill level 6 in Long Blades
  5591 | D:6      | Reached skill level 5 in Armour
  5591 | D:6      | Reached skill level 5 in Shields
  5591 | D:6      | Reached XP level 9. HP: 12/74 MP: 11/11
  6111 | D:7      | Reached skill level 7 in Long Blades
  6144 | D:7      | Noticed a hellwing
  6145 | D:7      | Noticed a hellwing
  6455 | D:7      | Reached skill level 5 in Dodging
  6467 | D:7      | Noticed Harold
  6600 | D:7      | Killed Harold
  6601 | D:7      | Reached XP level 10. HP: 67/83 MP: 13/13
  7024 | D:7      | Reached skill level 8 in Long Blades
  7239 | D:7      | Reached skill level 5 in Throwing
  7773 | D:8      | Found Neabre Dewny's Jewellery Shoppe.
  7782 | D:8      | Found Cilieted's Armour Boutique.
  8158 | D:8      | Bought a +2 helmet of see invisible for 215 gold pieces
  8158 | D:8      | Bought a +0 pair of gloves of infusion for 115 gold pieces
  8206 | D:8      | Found a transporter.
  8362 | D:8      | Noticed sanka's ghost (novice GnCj)
  8376 | D:8      | Found a transporter.
  8436 | D:8      | Identified 2 scrolls of acquirement
  8436 | D:8      | Acquired a manual of Long Blades
  8438 | D:8      | Acquired a +1 demon blade of electrocution
  8599 | D:9      | Found a flagged portal.
  8608 | Bailey   | Entered a bailey
  9092 | Bailey   | Reached skill level 9 in Long Blades
  9092 | Bailey   | Reached XP level 11. HP: 89/89 MP: 14/14
  9093 | Bailey   | Reached skill level 10 in Long Blades
  9093 | Bailey   | Reached XP level 12. HP: 98/98 MP: 15/15
  9213 | D:9      | Noticed Psyche
  9225 | D:9      | Killed Psyche
 10093 | D:9      | Found a staircase to the Orcish Mines.
 10216 | D:10     | Entered Level 10 of the Dungeon
 10432 | D:10     | Found a staircase to the Lair.
 11645 | Orc:1    | Entered Level 1 of the Orcish Mines
 11645 | Orc:1    | Noticed Gastronok
 11645 | Orc:1    | Found Wosaz's Firing Range.
 11705 | Orc:1    | Killed Gastronok
 11706 | Orc:1    | Reached skill level 11 in Long Blades
 11731 | Orc:1    | Bought 2 boomerangs for 14 gold pieces
 11731 | Orc:1    | Bought 2 javelins for 22 gold pieces
 11731 | Orc:1    | Bought a throwing net for 42 gold pieces
 11823 | Orc:2    | Entered Level 2 of the Orcish Mines
 11823 | Orc:2    | Noticed Azrael
 11902 | Lair:1   | Entered Level 1 of the Lair of Beasts
 11902 | Lair:1   | Noticed Grum
 11920 | Lair:1   | Killed Grum
 12164 | Lair:1   | Reached XP level 13. HP: 81/107 MP: 13/16
 12339 | Lair:1   | Reached skill level 5 in Evocations
 14363 | Lair:2   | Found a runed translucent door.
 14561 | Lair:2   | Noticed Xaifossi's ghost (journeyman GrEE)
 14722 | Lair:3   | Reached skill level 12 in Long Blades
 15592 | Lair:3   | Found a hole to the Spider Nest.
 16206 | Lair:4   | Found a staircase to the Shoals.
 17759 | Lair:5   | Reached XP level 14. HP: 118/118 MP: 14/17
 18014 | Lair:6   | Entered Level 6 of the Lair of Beasts
 18659 | Lair:5   | Reached skill level 13 in Long Blades
 19804 | Lair:6   | Reached skill level 10 in Fighting
 19852 | Lair:6   | Reached skill level 10 in Shields
 19900 | Lair:6   | Reached skill level 10 in Armour
 20845 | Lair:6   | Found a staircase to the Slime Pits.
 20971 | Lair:6   | Found a one-way gate to the infinite horrors of the Abyss.
 20977 | Lair:6   | Identified the ring "Begg" {*Slow Fly rF+ Str+8}
 21765 | Orc:1    | Killed Azrael
 22023 | Orc:2    | Reached skill level 14 in Long Blades
 22461 | Orc:1    | Reached skill level 10 in Dodging
 22768 | Orc:2    | Found a staircase to the Elven Halls.
 22784 | Orc:2    | Found Taplom's Armour Shoppe.
 22930 | Orc:2    | Found Cicihi's Jewellery Boutique.
 22941 | Orc:2    | Found Qets's Distillery.
 22964 | Orc:2    | Bought a potion of heal wounds for 75 gold pieces
 23157 | Orc:2    | Noticed Nergalle
 23182 | Orc:2    | Killed Nergalle
 23329 | Orc:2    | Found Toesh's Distillery.
 23371 | Orc:2    | Bought a potion of heal wounds for 55 gold pieces
 23660 | Orc:2    | Found Fodoleas's Antique Weapon Shop.
 23968 | D:11     | Reached XP level 15. HP: 84/128 MP: 14/18
 26591 | D:13     | Found a gate to the Vaults.
 28378 | D:15     | Entered Level 15 of the Dungeon
 29017 | D:15     | Found a staircase to the Depths.
 29403 | D:15     | Reached skill level 15 in Long Blades
 29694 | Shoals:1 | Entered Level 1 of the Shoals
 30188 | Elf:1    | Entered Level 1 of the Elven Halls
 30194 | Elf:1    | Paralysed by an air elemental for 1 turns
 30198 | Elf:1    | Paralysed by an air elemental for 1 turns
 30358 | Elf:1    | Reached skill level 1 in Spellcasting
 31103 | Elf:1    | Gained mutation: You have a somewhat thin skeletal
                  | structure. (Dex +2, Stealth+) [potion of mutation]
 31308 | D:8      | Bought an amulet of reflection for 300 gold pieces
 31694 | Elf:1    | Reached XP level 16. HP: 89/137 MP: 16/23
 33409 | Elf:1    | Noticed Donald
 33428 | Elf:1    | Killed Donald
 33968 | Elf:1    | Identified the ring "Qubri" {rPois rC+ rN+++ Will++ Int-4}
 33981 | Elf:1    | Gained mutation: You are frail. (-10% HP) [a neqoxec]
 33984 | Elf:1    | Noticed a Tzitzimitl
 33985 | Elf:1    | Noticed a Brimstone Fiend
 34172 | Elf:1    | Found a runed translucent gate.
 34172 | Elf:1    | Found a runed translucent gate.
 34172 | Elf:1    | Found a runed translucent gate.
 34172 | Elf:1    | Found a runed translucent gate.
 34172 | Elf:1    | Found a runed translucent gate.
 34178 | Elf:1    | Found a runed translucent gate.
 34354 | Elf:1    | Identified the +5 long sword "Ucrar" {pain, rF+}
 35006 | Elf:1    | Found Kelu's Weapon Shop.
 35388 | Elf:2    | Found Aloudwez's Book Shop.
 35475 | Elf:2    | Paralysed by an air elemental for 1 turns
 35487 | Elf:2    | Found Kooziddyb's Distillery.
 35496 | Elf:2    | Bought a potion of heal wounds for 100 gold pieces
 35610 | Elf:2    | Found a runed translucent gate.
 35610 | Elf:2    | Found a runed translucent gate.
 35648 | Elf:2    | Found a runed translucent gate.
 35749 | Elf:2    | Reached skill level 5 in Spellcasting
 36308 | Elf:2    | Found Lyefel's Assorted Antiques.
 36323 | Elf:2    | Bought a scroll of blinking for 225 gold pieces
 36323 | Elf:2    | Bought a potion of curing for 90 gold pieces
 37407 | Elf:2    | Reached XP level 17. HP: 114/131 MP: 23/29
 38616 | Elf:3    | Entered Level 3 of the Elven Halls
 38974 | Shoals:1 | Found Gusuatoe's Overcharged Wands.
 40347 | Shoals:2 | Reached skill level 10 in Throwing
 40355 | Shoals:2 | Identified the +3 great sword of the Everdark {vorpal,
                  | rElec rF++ Will+ Str-2}
 40842 | Shoals:2 | Found Sinesiug's Jewellery Boutique.
 40892 | Shoals:2 | Bought an amulet of regeneration for 390 gold pieces
 42664 | Elf:3    | Paralysed by an air elemental for 1 turns
 42667 | Elf:3    | Paralysed by an air elemental for 1 turns
 42782 | Elf:3    | Identified the +8 falchion of the Valley of Death {vorpal,
                  | Str+7}
 43192 | Elf:3    | Found Fupn's Antique Weapon Shop.
 44066 | Elf:3    | Identified the +11 great mace of a treasure trove {drain,
                  | rPois}
 44269 | Elf:3    | Reached skill level 10 in Evocations
 44552 | Elf:3    | Identified the amulet "Hosav" {Faith Str+8 Dex-3 SInv}
 44844 | Elf:3    | Reached skill level 16 in Long Blades
 44988 | Elf:3    | Reached XP level 18. HP: 110/140 MP: 28/34
 45089 | Elf:3    | Got the Catalogue of Intoxication and Dislocation
 45151 | Elf:3    | Killed from afar by a deep elf sorcerer

Illustrated notes

Levels and vault maps discovered:
D:1:      dpeg_arrival_tiny_c, layout_loops_cross,
          hellmonk_ecumenical_altar_crossroads
D:2:      layout_loops_ring, hex_large
D:3:      layout_basic, gammafunk_ghost_icy, serial_glass, glass_columns_c,
          glass_columns_a, minmay_strange_pillars, serial_bayou_lagoon_a,
          grunt_decor_clamped, uniq_natasha
D:4:      wad_river_or_something, layout_basic, mainiacjoe_overflow_paths,
          minmay_misc_feat_tiny, saegor_snake_ambush, uniq_menkaure
D:5:      layout_rooms
D:6:      cheibrodos_barr_body, layout_basic, lemuel_doored_altar,
          minmay_temple_entry_wispy
D:7:      cheibrodos_grave_circle, layout_rooms, minmay_misc_feat_pillars,
          dk_noncrumbling_3, uniq_harold
D:8:      layout_rooms, gammafunk_ghost_stat_death, nicolae_wooded_promenade
D:9:      layout_basic, hiddenorc1_lemuel, enter_bailey_2, uniq_psyche
D:10:     layout_cave_pods, nicolae_qazlal_general_emergency,
          mainiacjoe_overflow_24_doors, due_lair_maze_entry_diamond,
          nicolae_elevator_lobby_plus
D:11:     minmay_distorted_concentric_squares, layout_loops_ring
D:12:     layout_stronghold
D:13:     layout_cave_pools, ximxim_vaults_locker_room, special_room
          [special_room_orc], nicolae_hepliaklqana_hazy_memory
D:14:     layout_stronghold, nicolae_wu_jian_immortal_techniques
D:15:     grunt_enter_depths_hoard, layout_basic, bh_walls_and_bars
Lair:1:   layout_small_grid, beast_lair_carwin_9, uniq_grum
Lair:2:   layout_chaotic_city, ebering_ghost_reflecting_pool
Lair:3:   layout_regular_city, hellmonk_spider_entry_not_the_bees,
          grunt_forest_large_clearings, grunt_megastairs_2
Lair:4:   layout_roguey, elwin_shoals_entry_stream, nicolae_lair_yak_garden
Lair:5:   layout_hall_layers, grunt_megastairs_4
Lair:6:   hellmonk_lair_end_abyssal_woods, layout_loops_ring,
          dpeg_slime_entry_enclosed_altar, serial_bayou_shore_a
Shoals:1: layout_shoals, nicolae_shop_overcharged_wands
Shoals:2: layout_shoals, serial_shops, nicolae_shop_waterfront,
          nicolae_shoals_arrival_archipelago
Orc:1:    layout_caves, nicolae_shop_firing_range, uniq_gastronok
Orc:2:    kennysheep_orc_mage_school, layout_caves, serial_shops,
          nicolae_diamond_shop, uniq_azrael
Elf:1:    nicolae_elf_arrival_aired_out, layout_gridlike, serial_shops,
          nicolae_shop_behind_doors, special_room [special_room_orc],
          orc_legates, grunt_ministairs_3,
          nicolae_concentric_dashed_squares_mild, laboratory,
          grunt_megastairs_5, uniq_donald
Elf:2:    nicolae_elf_blades_splatter_lattice [nicolae_blade_entry_pointy_end],
          layout_geoelf_grid, serial_shops, shop_fountains,
          nicolae_shop_overgrown_old_shop, nicolae_shop_stone,
          grunt_ministairs_7
Elf:3:    minmay_elf_hall_hex, layout_gridlike, serial_shops,
          nicolae_shop_crystal

Skill      XL: |  1  2  3  4  5  6  7  8  9 10 11 12 13 14 15 16 17 |
---------------+----------------------------------------------------+-----
Long Blades    | 2 3 4 5 6 7 9 10 11 12 14 15 16 | 16.0
Shields        | 3 4 5 6 7 8 9 10 11 12 | 12.6
Fighting       | 3 4 5 6 7 8 9 10 11 12 | 12.6
Armour         | 3 4 5 7 8 9 10 11 12 | 12.5
Dodging        | 1 2 3 4 5 6 7 8 10 11 12 | 12.2
Throwing       | 1 2 3 4 6 7 8 9 10 | 10.6
Evocations     | 2 3 4 6 7 8 9 10 | 10.0
Spellcasting   | 2 5 7 |  7.9

Action                   |  1- 3 |  4- 6 |  7- 9 | 10-12 | 13-15 | 16-18 || total
-------------------------+-------+-------+-------+-------+-------+-------++-------
Melee: Long sword        |   134 |    63 |       |       |       |       ||   197
       Dagger            |       |    88 |   190 |   324 |   266 |       ||   868
       Demon blade       |       |       |       |       |  1253 |   930 ||  2183
Throw: Boomerang         |       |     5 |    23 |    25 |   138 |   174 ||   365
       Javelin           |       |       |       |     1 |       |    17 ||    18
Evoke: Wand              |       |       |       |       |       |     1 ||     1
  Use: Potion            |       |       |     2 |     2 |     5 |    14 ||    23
       Scroll            |       |       |       |    18 |    13 |     4 ||    35
 Stab: Sleeping          |     1 |     6 |     2 |    15 |    15 |     1 ||    40
       Distracted        |       |       |       |     2 |     3 |     1 ||     6
       Petrifying        |       |       |       |       |     1 |       ||     1
       Invisible         |       |       |       |       |     7 |       ||     7
Armor: Scale mail        |    91 |    43 |    21 |       |       |       ||   155
       Leather armour    |       |       |    35 |    76 |   289 |    18 ||   418
       Plate armour      |       |       |       |       |       |   131 ||   131
Dodge: Dodged            |    72 |    66 |    94 |   197 |   877 |   215 ||  1521
Block: Buckler           |    45 |    29 |    56 |    87 |   333 |       ||   550
       Kite shield       |       |       |       |       |   203 |   572 ||   775
       Reflection        |       |       |       |       |     4 |    77 ||    81

Table legend: (Time is in decaauts)
 A = Elapsed time spent in this place.
 B = Non-inter-level travel time spent in this place.
 C = Inter-level travel time spent in this place.
 D = Time resting spent in this place.
 E = Time spent auto-exploring this place.
 F = Levels seen in this place.
 G = Mean time per level.
                   A        B        C        D        E       F      G
               +--------+--------+--------+--------+--------+-----+--------+
         Total |  44506 |  42156 |   2350 |   7744 |  26750 |  29 | 1534.7 |
       Dungeon |  17270 |  16274 |    996 |   1377 |  12227 |  15 | 1151.3 |
          Lair |   9699 |   9022 |    677 |   1143 |   6377 |   6 | 1616.5 |
        Shoals |   3748 |   3614 |    134 |   1135 |   1908 |   2 | 1874.0 |
  Orcish Mines |   2861 |   2596 |    265 |    960 |   1121 |   2 | 1430.5 |
   Elven Halls |  10440 |  10163 |    277 |   3129 |   4834 |   3 | 3480.0 |
        Bailey |    485 |    485 |      0 |      0 |    283 |   1 |  485.0 |
               +--------+--------+--------+--------+--------+-----+--------+

Top non-repeatable levels by time:
   Elf:1: 4734 daAuts
   Elf:2: 3336 daAuts
   Elf:3: 2370 daAuts
  Lair:6: 2332 daAuts
Shoals:2: 2000 daAuts
   Orc:2: 1993 daAuts
    D:14: 1788 daAuts
Shoals:1: 1748 daAuts
  Lair:5: 1710 daAuts
    D:10: 1578 daAuts
     D:6: 1569 daAuts
  Lair:3: 1500 daAuts
  Lair:1: 1473 daAuts
     D:9: 1469 daAuts
  Lair:2: 1379 daAuts
